[Event "Titled Tuesday Blitz May 31 Late 2022"]
[White "Sarana, Alexey"]
[Black "Przybylski, Wojciech"]
[WhiteFideId "24133795"]
[BlackFideId "1117599"]
[WhiteElo "2666"]
[BlackElo "2133"]
[Result "1-0"]
[Round "01"]
[TimeControl "180+1"]
[Date "2022.05.31"]
[WhiteClock "0:01:15"]
[BlackClock "0:00:01"]

1. d4 Nf6 2. c4 e6 3. Nc3 Bb4 4. e3 O-O 5. Bd3 d5 6. a3 Bd6 7. c5 Be7 8. b4 b6 9. f4 a5 10. Rb1 axb4 11. axb4 Bb7 12. Nf3 Ne4 13. Bd2 Nd7 14. O-O f5 15. Be1 g5 16. Bxe4 dxe4 17. Nxg5 Bxg5 18. fxg5 Qxg5 19. Qd2 Nf6 20. Bg3 Rf7 21. b5 Bd5 22. Ra1 Rc8 23. Be5 Ng4 24. Bf4 Qg6 25. Nxd5 exd5 26. Rfc1 Re8 27. Ra7 bxc5 28. Rxc5 Qb6 29. Raxc7 Rxc7 30. Bxc7 Qa7 31. h3 Nf6 32. b6 Qa1+ 33. Rc1 Qa6 34. Qb2 Qb7 35. Qb5 Re6 36. Ra1 f4 37. Ra7 Qc8 38. b7 Qxc7 39. b8=Q+ Qxb8 40. Qxb8+ Re8 41. Qxf4 Nd7 42. Rxd7 1-0


[Site "https://www.chess.com"]

[Event "Titled Tuesday Blitz May 31 Late 2022"]
[White "Semenenko, Dmytry"]
[Black "Domingo Nunez, Ruben"]
[WhiteFideId "14118645"]
[BlackFideId "22245570"]
[WhiteElo "2113"]
[BlackElo "2376"]
[Result "1-0"]
[Round "01"]
[TimeControl "180+1"]
[Date "2022.06.01"]
[WhiteClock "0:00:29"]
[BlackClock "0:00:15"]

1. Nf3 g6 2. c4 Bg7 3. d4 d6 4. Nc3 Nd7 5. e4 e5 6. Be3 Ngf6 7. dxe5 dxe5 8. h3 O-O 9. Be2 c6 10. O-O Qe7 11. Qc2 Re8 12. Rad1 Nh5 13. Rfe1 Nf4 14. Bf1 Nf8 15. a3 N8e6 16. b4 Ng5 17. Nxg5 Qxg5 18. Kh2 Qh5 19. Ne2 Ne6 20. Ng3 Qh4 21. Rd6 h5 22. c5 Nd4 23. Qd2 Bxh3 24. Bg5 Bh6 25. Bxh4 Bxd2 26. Rd1 Bf4 27. Kxh3 g5 28. Nxh5 gxh4 29. Nf6+ Kg7 30. Nxe8+ Rxe8 31. g3 hxg3 32. fxg3 Be3 33. Kg2 Nc2 34. Rd7 Bd4 35. Rd2 Ne3+ 36. Kg1 Nc4+ 37. R2xd4 exd4 38. Bxc4 Rxe4 39. Rxf7+ Kg6 40. Rxb7 Kg5 41. Rg7+ Kf6 42. Rf7+ Kg5 43. Rf4 Re3 44. Rxd4 Rxg3+ 45. Kf2 Rxa3 46. Be2 a5 47. b5 cxb5 48. Bxb5 Rc3 49. c6 Kf6 50. Rc4 Rxc4 51. Bxc4 Ke7 52. Bb5 Kd6 53. Ke3 Kc5 54. c7 Kxb5 55. c8=Q Kb6 56. Qc3 Kb5 57. Qa3 Kc4 58. Qxa5 Kb3 59. Qc5 Kb2 60. Qc4 Kb1 61. Qe2 Ka1 62. Kd3 Kb1 63. Kc3 Ka1 64. Qb2# 1-0


[Site "https://www.chess.com"]

[Event "Titled Tuesday Blitz May 31 Late 2022"]
[White "Shimanov, Aleksandr"]
[Black "Toncheva, Nadya"]
[WhiteFideId "4198603"]
[BlackFideId "2924056"]
[WhiteElo "2605"]
[BlackElo "1888"]
[Result "1-0"]
[Round "01"]
[TimeControl "180+1"]
[Date "2022.05.31"]
[WhiteClock "0:00:13"]
[BlackClock "0:00:03"]

1. e4 Nf6 2. e5 Nd5 3. Qf3 e6 4. Nc3 Nxc3 5. dxc3 d6 6. Bf4 dxe5 7. Bxe5 Qg5 8. Bxc7 Nc6 9. Nh3 Qh4 10. O-O-O Bc5 11. Bg3 Qa4 12. Kb1 O-O 13. Bd3 g6 14. Ng5 e5 15. Qd5 Be7 16. Bb5 Qg4 17. h4 Bxg5 18. hxg5 Be6 19. Qc5 Qxg5 20. Bxc6 bxc6 21. Qxe5 Qxe5 22. Bxe5 Bd5 23. f3 Rfe8 24. Bd4 f5 25. Rd2 Re7 26. b3 Rae8 27. c4 Bf7 28. Kb2 h5 29. Rhd1 Re2 30. Bxa7 g5 31. a4 h4 32. a5 g4 33. fxg4 fxg4 34. a6 Rxd2 35. Rxd2 Ra8 36. Bf2 g3 37. Be1 Rxa6 38. Rd4 c5 39. Rxh4 Be8 40. Bxg3 Rg6 41. Bf2 Rxg2 42. Bxc5 Bg6 43. Ka3 Rxc2 44. Rh3 Kf7 45. Re3 Rg2 46. Kb4 Bc2 47. Kc3 Bd1 48. b4 Rg6 49. b5 Re6 50. Rd3 Be2 51. Rd4 Ke8 52. Kb4 Bf3 53. Ba7 Bb7 54. c5 Ba8 55. Ka5 Bf3 56. Bb8 Ke7 57. Bd6+ Ke8 58. c6 Bg2 59. Kb6 Kd8 60. Bc7+ Ke8 61. Rd8+ Ke7 62. Rd7+ Ke8 63. Bd6 Bf3 64. Bc5 Be4 65. Rd2 Bf3 66. Rf2 Rf6 67. Bd4 Rf5 68. Bc5 Be4 69. Rxf5 Bxf5 70. Kc7 Be6 71. b6 1-0


[Site "https://www.chess.com"]

[Event "Titled Tuesday Blitz May 31 Late 2022"]
[White "Sibilio, Mario"]
[Black "Hasangatin, Ramil"]
[WhiteFideId "800422"]
[BlackFideId "4122160"]
[WhiteElo "2296"]
[BlackElo "2399"]
[Result "0-1"]
[Round "01"]
[TimeControl "180+1"]
[Date "2022.06.01"]
[WhiteClock "0:00:01"]
[BlackClock "0:00:01"]

1. e4 d6 2. Nc3 Nf6 3. d4 e5 4. dxe5 dxe5 5. Qxd8+ Kxd8 6. Bc4 Be6 7. Bxe6 fxe6 8. f3 Bd6 9. Be3 Ke7 10. Nge2 Nc6 11. a3 a6 12. O-O-O h6 13. h4 Rhf8 14. h5 Rad8 15. Na4 Na5 16. Kb1 Nc4 17. Bc1 Nd7 18. Ka2 b5 19. Nac3 Rb8 20. b3 Na5 21. Rh3 Nc6 22. Rg3 Rf7 23. Be3 Nf6 24. Rh3 Nd8 25. Nc1 Nb7 26. a4 c6 27. Nd3 Nd7 28. Kb2 Na5 29. Kc1 Nb6 30. axb5 cxb5 31. Bc5 Bxc5 32. Nxc5 Rc8 33. b4 Nb7 34. Nxb7 Rxc3 35. Nc5 Rf8 36. Kb2 Rc4 37. Kb3 Rc8 38. Rg3 Na4 39. Rxg7+ Kf8 40. Nxe6+ Ke8 41. Rg8+ Ke7 42. Rxc8 Rxc8 43. Ng7 Rc3+ 44. Ka2 Rxc2+ 45. Kb1 Rxg2 46. Nf5+ Ke8 47. Rd6 Nc3+ 48. Kc1 Na2+ 49. Kd1 Nxb4 50. Rxh6 a5 51. Nd6+ Kf8 52. Nxb5 a4 53. Rf6+ Ke7 54. Rf5 Nd3 55. h6 Rh2 56. h7 Nb2+ 57. Kc1 Nd3+ 58. Kd1 Nb2+ 59. Ke1 Nc4 60. f4 exf4 61. Rxf4 Rxh7 62. e5 Nb6 63. Rf6 Rh1+ 64. Ke2 Nd5 65. Ra6 Rb1 66. Ra7+ Ke6 67. Nd4+ Kxe5 0-1


[Site "https://www.chess.com"]

[Event "Titled Tuesday Blitz May 31 Late 2022"]
[White "Song, Michael"]
[Black "Niemann, Hans Moke"]
[WhiteFideId "2613190"]
[BlackFideId "2093596"]
[WhiteElo "2274"]
[BlackElo "2632"]
[Result "0-1"]
[Round "01"]
[TimeControl "180+1"]
[Date "2022.05.31"]
[WhiteClock "0:00:07"]
[BlackClock "0:00:08"]

1. d4 Nf6 2. c4 e6 3. Nc3 Bb4 4. e3 O-O 5. Bd3 d5 6. cxd5 exd5 7. a3 Bd6 8. Qc2 c6 9. Nge2 Re8 10. Bd2 b6 11. f3 c5 12. h4 Nc6 13. O-O-O h5 14. g4 hxg4 15. fxg4 Bxg4 16. Rdg1 Rc8 17. Bf5 cxd4 18. Nxd4 Nxd4 19. exd4 Bxf5 20. Qxf5 Ne4 21. Bh6 Bf8 22. Rxg7+ Bxg7 23. Rg1 Qf6 24. Rxg7+ Qxg7 25. Bxg7 Kxg7 26. Qxd5 Nxc3 27. bxc3 Rxc3+ 28. Kb2 Rg3 29. Qb5 Re4 30. d5 Rxh4 31. Qe2 Rhg4 32. Qe5+ f6 33. Qe7+ Kg6 34. d6 Rf4 35. Qe8+ Kf5 36. Qc8+ Ke5 37. Qe8+ Kd5 38. Qa8+ Kc5 39. Qc8+ Kb5 40. a4+ Kb4 41. Qc2 Rd4 42. Ka2 Rgd3 43. Qb2+ Kc5 44. Qc2+ Kxd6 45. Qc8 Ke5 46. Qe8+ Kf4 47. Qe7 f5 48. Qf6 Rd7 49. Qh4+ Ke5 50. Qe1+ Kd5 51. Qf2 Ke4 52. Qe2+ Re3 53. Qc4+ Kf3 54. Qf1+ Kg4 55. Qc4+ Re4 56. Qg8+ Kf4 57. Qb8+ Re5 58. Qc8 Rd2+ 59. Kb3 Rd3+ 60. Kc4 Rde3 61. Qh8 R5e4+ 62. Kd5 Rd3+ 63. Kc6 Ke3 64. Qh3+ Kd4 65. Qxf5 Rde3 66. Qd5+ Kc3 67. Kb7 Re7+ 68. Ka6 R3e5 69. Qc6+ Rc5 70. Qf6+ Rce5 71. Qf3+ Kb4 72. Qd1 Ra5# 0-1


[Site "https://www.chess.com"]

[Event "Titled Tuesday Blitz May 31 Late 2022"]
[White "Suich, Peter D"]
[Black "Kozak, Adam"]
[WhiteFideId "2050366"]
[BlackFideId "753246"]
[WhiteElo "2432"]
[BlackElo "2459"]
[Result "1-0"]
[Round "01"]
[TimeControl "180+1"]
[Date "2022.06.01"]
[WhiteClock "0:00:42"]
[BlackClock "0:01:18"]

1. d4 d5 2. c4 dxc4 3. e4 e5 4. Nf3 exd4 5. Bxc4 Bb4+ 6. Nbd2 Bxd2+ 7. Bxd2 Ne7 8. Ng5 Be6 9. Bxe6 fxe6 10. Nxe6 Qd6 11. Nxg7+ Kd8 12. Bg5 Qb4+ 13. Kf1 Qb5+ 14. Kg1 Qxg5 15. Ne6+ Kc8 16. Nxg5 Nbc6 17. Qg4+ Kb8 18. Nf7 Rg8 19. Qh4 a5 20. h3 Ra6 21. Kh2 Rb6 22. b3 Rb5 23. f4 Rb4 24. Qxh7 d3 25. Ne5 Rd8 26. Rad1 Nxe5 27. Qxe7 Nc6 28. Qh7 d2 29. Rhf1 Rbd4 30. e5 R4d7 31. Qh4 Rd4 32. e6 Re8 33. Rf2 Rxe6 34. Rfxd2 Rde4 35. Qf2 b6 36. f5 Rf6 37. Re1 Rxe1 38. Qxe1 Rxf5 39. Qe8+ Kb7 40. Qe4 Re5 41. Qf3 Rc5 42. Rd7 b5 43. h4 Kb6 44. Rg7 Ne5 45. Qf2 Kc6 46. Rxc7+ Kxc7 47. Qxc5+ Nc6 48. h5 a4 49. h6 axb3 50. axb3 1-0


[Site "https://www.chess.com"]

[Event "Titled Tuesday Blitz May 31 Late 2022"]
[White "Svane, Rasmus"]
[Black "Urbina Perez, Juan Antonio"]
[WhiteFideId "4657101"]
[BlackFideId "2217368"]
[WhiteElo "2674"]
[BlackElo "2192"]
[Result "1-0"]
[Round "01"]
[TimeControl "180+1"]
[Date "2022.05.31"]
[WhiteClock "0:00:10"]
[BlackClock "0:00:01"]

1. Nf3 d5 2. g3 Nd7 3. d4 Nb6 4. b3 Bf5 5. Nh4 Be4 6. f3 Bg6 7. e4 dxe4 8. Nxg6 hxg6 9. fxe4 e5 10. c3 exd4 11. cxd4 Bb4+ 12. Kf2 Qf6+ 13. Kg2 O-O-O 14. Be3 Qe7 15. Qf3 Nf6 16. a3 Bd6 17. e5 Bxe5 18. dxe5 Qxe5 19. Ra2 Nbd5 20. Bf2 Ne4 21. Re2 f5 22. Nd2 Ndc3 23. Nc4 Qd5 24. Re3 Qd4 25. Rd3 Qf6 26. Be1 Nd5 27. h4 g5 28. hxg5 Nxg5 29. Rxh8 Nxf3 30. Rxd8+ Qxd8 31. Kxf3 c6 32. Ne3 Qg5 33. Nxd5 cxd5 34. Bd2 Qg4+ 35. Kf2 Qe4 36. Be3 b6 37. b4 g5 38. Rd4 Qc2+ 39. Kg1 f4 40. gxf4 gxf4 41. Rxf4 Qg6+ 42. Bg2 Qb1+ 43. Kh2 Qh7+ 44. Kg3 Qg6+ 45. Rg4 Qd3 46. Kf2 Qc2+ 47. Kf3 Qd1+ 48. Kg3 Qe1+ 49. Bf2 Qe5+ 50. Rf4 Qg5+ 51. Kf3 Qh5+ 52. Kg3 Qg5+ 53. Rg4 Qe5+ 54. Kh3 Qh5+ 55. Rh4 Qf5+ 56. Kg3 Qg5+ 57. Kh2 Qe5+ 58. Bg3 Qb2 59. a4 d4 60. Kh3 d3 61. Bc6 d2 62. Bf3 Qa1 63. Rc4+ Kd8 64. Rc6 Qf1+ 65. Kg4 d1=Q 66. Rd6+ Qxd6 67. Bxd6 1-0


[Site "https://www.chess.com"]

[Event "Titled Tuesday Blitz May 31 Late 2022"]
[White "Swiercz, Dariusz"]
[Black "Ozsakallioglu, Okan"]
[WhiteFideId "1126881"]
[BlackFideId "6367011"]
[WhiteElo "2627"]
[BlackElo "2003"]
[Result "1-0"]
[Round "01"]
[TimeControl "180+1"]
[Date "2022.05.31"]
[WhiteClock "0:01:03"]
[BlackClock "0:00:19"]

1. d4 d5 2. Nf3 Nf6 3. Bf4 Bf5 4. e3 e6 5. Bd3 Bxd3 6. Qxd3 Bd6 7. Bg3 Bxg3 8. hxg3 O-O 9. Nbd2 Nbd7 10. g4 g6 11. g5 Ne8 12. e4 dxe4 13. Nxe4 Nd6 14. O-O-O Qe7 15. Qe3 Rae8 16. Qf4 Nxe4 17. Qxe4 c6 18. Rxh7 f5 19. Rxe7 fxe4 20. Rxd7 exf3 21. gxf3 Rf7 22. Rxf7 Kxf7 23. Rh1 Kg7 24. Kd2 Rf8 25. Ke3 Rf5 26. f4 Ra5 27. a3 Rb5 28. b4 Rf5 29. c4 Kg8 30. Kf3 Kg7 31. Re1 Kf7 32. Re5 Ke7 33. Rxf5 exf5 34. Ke3 b5 35. d5 cxd5 36. cxb5 Kd7 37. Kd4 Kd6 38. a4 Ke6 39. Kc5 1-0


[Site "https://www.chess.com"]

[Event "Titled Tuesday Blitz May 31 Late 2022"]
[White "Terry, Renato"]
[Black "Obrien, Matthew"]
[WhiteFideId "3803457"]
[BlackFideId "2059150"]
[WhiteElo "2577"]
[BlackElo "2523"]
[Result "1-0"]
[Round "01"]
[TimeControl "180+1"]
[Date "2022.05.31"]
[WhiteClock "0:01:31"]
[BlackClock "0:00:31"]

1. d4 Nf6 2. Bg5 c5 3. d5 Qb6 4. Bxf6 gxf6 5. Qc1 Bh6 6. e3 f5 7. c4 f4 8. exf4 Bxf4 9. Qc2 d6 10. Bd3 Nd7 11. Ne2 Be5 12. Nbc3 Nf6 13. h3 Bd7 14. g4 h6 15. f4 Bd4 16. O-O-O Qa5 17. Kb1 a6 18. Nxd4 cxd4 19. Ne2 Qc5 20. g5 hxg5 21. fxg5 Nh5 22. g6 fxg6 23. Bxg6+ Kd8 24. Nxd4 Rc8 25. b3 Nf4 26. Bf5 b5 27. Bxd7 Kxd7 28. Qf5+ Ke8 29. Qxf4 bxc4 30. Ne6 Qa3 31. Ng7+ Kd8 32. Ne6+ Ke8 33. Rc1 1-0


[Site "https://www.chess.com"]

[Event "Titled Tuesday Blitz May 31 Late 2022"]
[White "Ticondriul"]
[Black "Jian, Alex"]
[BlackFideId "30901022"]
[WhiteElo "2655"]
[BlackElo "2111"]
[Result "0-1"]
[Round "01"]
[TimeControl "180+1"]
[Date "2022.06.01"]
[WhiteClock "0:00:54"]
[BlackClock "0:00:07"]

1. e4 c5 2. Nf3 e6 3. d3 Nc6 4. g3 g6 5. Bg2 Bg7 6. O-O Nge7 7. c3 d5 8. exd5 exd5 9. d4 cxd4 10. cxd4 O-O 11. Nc3 Bg4 12. Bg5 h6 13. Bxe7 Nxe7 14. h3 Bxf3 15. Bxf3 Nf5 16. Nxd5 Nxd4 17. Bg2 Re8 18. Re1 Rxe1+ 19. Qxe1 Nc2 20. Qd1 Nxa1 21. Qxa1 Rc8 22. Qd1 Kh7 23. Qb3 b6 24. h4 h5 25. Ne3 Qf6 26. Bd5 Qxb2 27. Bxf7 Qxb3 28. axb3 Bd4 29. Nc4 Rf8 30. Bd5 Rxf2 31. Kh1 b5 32. Nd6 a6 33. Ne4 Rb2 34. Ng5+ Kh8 35. Ne6 Be5 36. Nf8 Kg7 37. Ne6+ Kf6 38. Ng5 a5 39. Ne4+ Ke7 40. Bg8 a4 41. bxa4 bxa4 42. Nc5 a3 43. Nd3 Rb1+ 44. Kg2 Bf6 45. Kf3 Rd1 46. Nf4 Kd6 47. Nxg6 Rd2 48. Nf4 a2 49. Bxa2 Rxa2 50. Nxh5 Be5 51. Kg4 Ra3 52. Kh3 Ke6 53. Kg4 Rb3 54. Kg5 Bxg3 55. Ng7+ Kf7 56. Nf5 Be1 57. Nd6+ Kg8 58. Ne8 Rb5+ 59. Kg6 Bxh4 60. Nc7 Rb7 61. Nd5 Rg7+ 62. Kf5 Rg5+ 63. Ke6 Rg7 64. Kf5 Bd8 65. Nf4 Rg5+ 66. Ke4 Kf7 67. Nd3 Rg4+ 68. Kd5 Rg5+ 69. Ke4 Bf6 70. Kf4 Ra5 71. Nf2 Ke6 72. Nd3 Ra4+ 73. Ke3 Bg5+ 74. Ke2 Kd6 75. Kd1 Rd4 76. Kc2 Kd5 77. Kc3 Rc4+ 78. Kb3 Kd4 79. Nb4 Bd2 80. Nc2+ Kd3 81. Na3 Rb4+ 82. Ka2 Kc3 83. Nb1+ Kc2 84. Na3+ Kc1 85. Ka1 Bc3+ 86. Ka2 Rb2+ 87. Ka1 Rd2# 0-1


[Site "https://www.chess.com"]

[Event "Titled Tuesday Blitz May 31 Late 2022"]
[White "Vasquez Schroeder, Rodrigo"]
[Black "Blackman, Justin"]
[WhiteFideId "3400042"]
[BlackFideId "11100516"]
[WhiteElo "2567"]
[BlackElo "2112"]
[Result "1-0"]
[Round "01"]
[TimeControl "180+1"]
[Date "2022.06.01"]
[WhiteClock "0:00:28"]
[BlackClock "0:00:02"]

1. e4 e5 2. Nf3 Nc6 3. Bb5 Nge7 4. c3 a6 5. Ba4 g6 6. d4 exd4 7. cxd4 d5 8. exd5 Nxd5 9. Bxc6+ bxc6 10. O-O Bg7 11. Re1+ Be6 12. Bg5 Qd6 13. Nbd2 O-O 14. Nc4 Qb4 15. Rc1 c5 16. Bd2 Qb5 17. a4 Qc6 18. Nce5 Qb7 19. Rxc5 Qxb2 20. Ba5 Rab8 21. Bxc7 Nxc7 22. Rxc7 Bd5 23. Rc5 Rfd8 24. h3 Rb4 25. Nd3 Bxf3 26. Qxf3 Qxd4 27. Rc7 Rf8 28. Nxb4 Qxb4 29. Qe4 Qb6 30. Rd7 h6 31. Qc4 Bf6 32. g3 Kg7 33. Kg2 h5 34. h4 a5 35. Re3 Qb8 36. Rf3 Qb6 37. Rc7 Qd4 38. Qxd4 Bxd4 39. Rd3 Bf6 40. Rd5 Bd8 41. Rc8 Bb6 42. Rxf8 Kxf8 43. Rd6 Bc5 44. Rc6 Bb4 45. f3 Ke7 46. g4 hxg4 47. fxg4 Kf8 48. h5 1-0


[Site "https://www.chess.com"]

[Event "Titled Tuesday Blitz May 31 Late 2022"]
[White "Vusatiuk, Vladimir"]
[Black "Makarian, Rudik"]
[WhiteFideId "14118610"]
[BlackFideId "44105681"]
[WhiteElo "2157"]
[BlackElo "2419"]
[Result "0-1"]
[Round "01"]
[TimeControl "180+1"]
[Date "2022.06.01"]
[WhiteClock "0:00:12"]
[BlackClock "0:00:19"]

1. d4 Nf6 2. c4 e6 3. Nc3 Bb4 4. e3 O-O 5. Nf3 Bxc3+ 6. bxc3 d6 7. Bd3 e5 8. dxe5 dxe5 9. Nxe5 Qe7 10. Nf3 Nc6 11. O-O Bg4 12. h3 Bh5 13. Be2 Rfd8 14. Qb3 b6 15. Ba3 Qe8 16. c5 Ne4 17. Rfd1 Bxf3 18. Bxf3 Nd2 19. Qa4 Nxf3+ 20. gxf3 Qe6 21. Qe4 Ne5 22. f4 Nc4 23. Qxe6 fxe6 24. Bb4 a5 25. cxb6 axb4 26. Rxd8+ Rxd8 27. bxc7 Rc8 28. cxb4 Rxc7 29. Rc1 Kf7 30. b5 Rc8 31. a4 Ke7 32. a5 Kd7 33. b6 Nxa5 34. Ra1 Nc6 35. Rd1+ Ke7 36. b7 Rb8 37. Rc1 Kd6 38. Rb1 Nd8 39. Rb6+ Ke7 40. Ra6 Rxb7 41. Kg2 Rd7 42. Ra8 Nf7 43. Rh8 h6 44. Rg8 Kf6 45. Kf3 Rd1 46. Ra8 Rh1 47. Kg2 Rb1 48. Rc8 Rb6 49. Ra8 e5 50. fxe5+ Nxe5 51. Rf8+ Nf7 52. Ra8 Rb5 53. Ra6+ Kg5 54. Ra7 Kg6 55. Ra6+ Kh7 56. Ra7 Ng5 57. Kg3 Ne4+ 58. Kf3 Nf6 59. Rc7 Rf5+ 60. Kg2 Rg5+ 61. Kf3 Rf5+ 62. Kg2 Ne4 63. f4 Nf6 64. Kf3 Rh5 65. Kg3 Ra5 66. Rc3 Ne4+ 0-1


[Site "https://www.chess.com"]

[Event "Titled Tuesday Blitz May 31 Late 2022"]
[White "Vypkhaniuk, Ihor"]
[Black "Remolar Gallen, Jose"]
[WhiteFideId "14112256"]
[BlackFideId "2215187"]
[WhiteElo "2346"]
[BlackElo "2205"]
[Result "0-1"]
[Round "01"]
[TimeControl "180+1"]
[Date "2022.06.01"]
[WhiteClock "0:00:14"]
[BlackClock "0:00:10"]

1. d4 Nf6 2. c4 c5 3. d5 b5 4. cxb5 a6 5. bxa6 e6 6. dxe6 fxe6 7. g3 d5 8. Bg2 Bd6 9. Nf3 O-O 10. O-O Bxa6 11. b3 Nc6 12. Bb2 Qe7 13. Nc3 d4 14. Na4 e5 15. Nd2 e4 16. Nc4 Bxc4 17. bxc4 Qa7 18. Nc3 dxc3 19. Bxc3 Be5 20. Bxe5 Nxe5 21. Qc2 Qa4 22. Bxe4 Qxc2 23. Bxc2 Rfd8 24. Rfd1 Rxd1+ 25. Bxd1 Kf8 26. Bb3 Ne4 27. Rd1 Nc3 28. Rd2 Ke7 29. f4 Nc6 30. e3 Rd8 31. Rc2 Rd3 32. Kf2 Nb4 33. Rc1 Ne4+ 34. Kf3 Nd2+ 35. Ke2 Nxb3 36. axb3 Rxb3 37. h4 Rb2+ 38. Kf3 Rc2 39. Ra1 Rxc4 40. Ra7+ Kf6 41. g4 h6 42. g5+ hxg5 43. hxg5+ Kg6 44. e4 Nd3 45. Rd7 Rd4 46. Rc7 Ne1+ 47. Kg4 Rxe4 48. Rc6+ Kh7 49. g6+ Kh6 50. Kf5 Rd4 51. Rxc5 Rxf4+ 52. Ke6 Nd3 53. Rc3 Rf6+ 54. Kd5 Nf4+ 55. Ke4 Nxg6 56. Rh3+ Kg5 57. Rg3+ Kh4 58. Rg1 Rf4+ 59. Ke3 Rg4 60. Rh1+ Kg5 61. Rh7 Kf6 62. Rh5 Ne5 63. Rh8 Rg5 64. Rf8+ Ke7 65. Ra8 Nf7 66. Kf4 Rg6 67. Ra7+ Ke6 68. Ra8 Rf6+ 69. Kg4 Ne5+ 70. Kg5 Rg6+ 71. Kf4 Rg4+ 72. Ke3 Kf5 73. Rf8+ Kg5 74. Re8 Ng6 75. Ra8 Rf4 76. Ra5+ Rf5 77. Ra7 Kh6 78. Ke4 Re5+ 79. Kf3 Re7 80. Ra6 Rf7+ 81. Kg4 Rf4+ 82. Kg3 Rc4 83. Rb6 Kg5 84. Rb5+ Kf6 85. Rb6+ Kf5 86. Rb7 Kf6 87. Rb6+ Kf7 88. Rb7+ Ne7 89. Ra7 g6 90. Ra6 Nf5+ 91. Kf3 Rd4 92. Rb6 Kg7 93. Rb8 Kh6 94. Rb1 Kg5 95. Rg1+ Kf6 96. Ra1 Rd3+ 97. Ke4 Rd4+ 98. Kf3 g5 99. Ra6+ Ke5 100. Ra5+ Kf6 101. Ra6+ Kg7 102. Rb6 g4+ 103. Kf2 Kf7 104. Ra6 Rd3 105. Ke2 Re3+ 106. Kf2 g3+ 107. Kg2 Nh4+ 108. Kh3 g2+ 109. Kh2 Rh3+ 110. Kxh3 g1=Q 111. Rh6 Ng6 112. Rh5 Qh1+ 113. Kg4 Qd1+ 114. Kg5 Qd2+ 115. Kg4 Qf4+ 116. Kh3 Qf3+ 0-1


[Site "https://www.chess.com"]

[Event "Titled Tuesday Blitz May 31 Late 2022"]
[White "Wartiovaara, Oliver"]
[Black "Rosen, Eric"]
[WhiteFideId "513024"]
[BlackFideId "2032562"]
[WhiteElo "1971"]
[BlackElo "2362"]
[Result "0-1"]
[Round "01"]
[TimeControl "180+1"]
[Date "2022.06.01"]
[WhiteClock "0:00:03"]
[BlackClock "0:00:16"]

1. e4 c5 2. Nf3 Nc6 3. Bb5 e6 4. O-O Nge7 5. d4 cxd4 6. Nxd4 Qc7 7. Be3 a6 8. Be2 Nxd4 9. Bxd4 Nc6 10. Be3 b5 11. a4 b4 12. Nd2 Be7 13. Nc4 Rb8 14. a5 O-O 15. Bb6 Qf4 16. Bf3 Ne5 17. Nxe5 Qxe5 18. b3 Bc5 19. Bxc5 Qxc5 20. Be2 Rd8 21. Bd3 Bb7 22. Qe2 Qc6 23. f3 Rbc8 24. Ra4 Qc5+ 25. Qf2 d6 26. e5 Bc6 27. Qxc5 dxc5 28. Raa1 Ra8 29. Bc4 Bd5 30. Rfd1 Bxc4 31. bxc4 Kf8 32. Kf2 Ke7 33. Ke3 f6 34. exf6+ gxf6 35. Rd3 e5 36. Rad1 Rd4 37. Rxd4 cxd4+ 38. Kd3 Kd6 39. f4 Rg8 40. g3 Re8 0-1


[Site "https://www.chess.com"]

[Event "Titled Tuesday Blitz May 31 Late 2022"]
[White "Yuan, Qingyu"]
[Black "Chen, Justin"]
[WhiteFideId "8609772"]
[BlackFideId "2098199"]
[WhiteElo "2359"]
[BlackElo "2430"]
[Result "0-1"]
[Round "01"]
[TimeControl "180+1"]
[Date "2022.06.01"]
[WhiteClock "0:00:31"]
[BlackClock "0:00:23"]

1. e4 d6 2. d4 Nf6 3. Nc3 e5 4. Nf3 Nbd7 5. Bc4 Be7 6. O-O O-O 7. a4 c6 8. Re1 Qc7 9. h3 b6 10. Be3 a6 11. Qd2 Bb7 12. Rad1 b5 13. Bd3 Rfe8 14. axb5 axb5 15. b4 Rab8 16. d5 Bf8 17. Qe2 cxd5 18. Nxb5 Qd8 19. Nd2 dxe4 20. Bc4 d5 21. Bb3 h6 22. Na3 d4 23. Ndc4 dxe3 24. Qxe3 Bxb4 25. c3 Bxa3 26. Nxa3 Qb6 27. Ba4 Qxe3 28. fxe3 Red8 29. Nc4 Nc5 30. Bc2 Nd3 31. Rf1 Ba6 32. Na5 Rdc8 33. Rb1 Rxb1 34. Rxb1 Rxc3 35. Rb8+ Kh7 36. Bb1 Nd5 37. Kh2 Nxe3 38. Rb6 Bc8 39. Nc6 Be6 40. Bxd3 exd3 41. Nxe5 d2 42. Rd6 d1=Q 43. Rxd1 Nxd1 44. Kg1 Bxh3 45. Nf3 Rxf3 46. gxf3 Bf5 47. Kh2 Nc3 48. Kg3 Nd5 49. f4 Kg6 50. Kh4 Nxf4 51. Kg3 Ne6 52. Kh4 Kf6 53. Kg3 g5 54. Kh2 h5 55. Kg3 Bh7 56. Kh2 Ke5 57. Kg3 Ke4 58. Kh2 Kf3 59. Kh1 Kg3 60. Kg1 Bd3 61. Kh1 Nf4 62. Kg1 Nh3+ 63. Kh1 Be4# 0-1


[Site "https://www.chess.com"]

[Event "Titled Tuesday Blitz May 31 Late 2022"]
[White "Yurtseven, Melih"]
[Black "Sjugirov, Sanan"]
[WhiteFideId "6312160"]
[BlackFideId "4189302"]
[WhiteElo "2160"]
[BlackElo "2602"]
[Result "0-1"]
[Round "01"]
[TimeControl "180+1"]
[Date "2022.05.31"]
[WhiteClock "0:00:04"]
[BlackClock "0:00:03"]

1. c4 g6 2. Nc3 Bg7 3. g3 c5 4. Bg2 Nc6 5. e3 Nf6 6. Nge2 d6 7. d4 O-O 8. O-O Bd7 9. b3 Rb8 10. Bb2 a6 11. Qd2 cxd4 12. Nxd4 Nxd4 13. Qxd4 Bc6 14. Nd5 Bxd5 15. cxd5 Qa5 16. Bc3 Qb5 17. a4 Qxb3 18. Rfb1 Qc2 19. Rb2 Qf5 20. Rab1 Rfc8 21. e4 Qd7 22. Qd3 Rxc3 23. Qxc3 Nxd5 24. Qd2 Bxb2 25. Qxd5 Bg7 26. a5 Qc7 27. h4 h5 28. Rb6 Bc3 29. Kh2 e6 30. Qa2 Qc5 31. Qb3 Bxa5 32. Rxb7 Rxb7 33. Qxb7 Qxf2 34. Qxa6 Bb4 35. Qc4 Bc5 36. Qd3 Kg7 37. Qc3+ Bd4 38. Qd3 Be5 39. Qf3 Qd2 40. Kh3 Qh6 41. Qe2 Qh8 42. Qd3 Qd8 43. Qf3 Qb6 44. Qd3 Qf2 45. Qf3 Qd2 46. Kh2 Qd4 47. Kh3 Bf6 48. Qe2 Qe5 49. Qd3 Be7 50. Qf3 Qc5 51. Qf4 Bf6 52. Qf3 Be5 53. Qd3 Bd4 54. Qf3 Qe5 55. Qf4 Qxf4 56. gxf4 Bc3 57. Kg3 Be1+ 58. Kh3 Kf6 59. Bf3 Bd2 60. Kg3 Ke7 61. f5 Be1+ 62. Kh3 Kf6 63. fxg6 Kxg6 64. Be2 f5 65. exf5+ Kxf5 66. Bxh5 d5 67. Bg4+ Ke5 68. h5 Bd2 69. Be2 Ke4 70. Kg4 e5 71. Bb5 Bh6 72. Bc6 Kd4 73. Kf5 e4 74. Kg6 Bd2 75. Bb5 Ke5 0-1


[Site "https://www.chess.com"]

[Event "Titled Tuesday Blitz May 31 Late 2022"]
[White "Zherebtsova, Alexandra"]
[Black "Harsh Suresh"]
[WhiteFideId "24129518"]
[BlackFideId "45018464"]
[WhiteElo "2025"]
[BlackElo "2020"]
[Result "0-1"]
[Round "01"]
[TimeControl "180+1"]
[Date "2022.06.01"]
[WhiteClock "0:00:09"]
[BlackClock "0:00:07"]

1. d4 g6 2. Nf3 Bg7 3. c4 d6 4. Nc3 Nf6 5. e4 O-O 6. h3 e5 7. d5 a5 8. g4 Na6 9. Be3 b6 10. Nd2 Nc5 11. Qc2 Bd7 12. O-O-O a4 13. a3 Qb8 14. Be2 c6 15. g5 Ne8 16. h4 Nc7 17. h5 cxd5 18. exd5 Bf5 19. Nde4 Nxe4 20. Nxe4 b5 21. f3 bxc4 22. Bxc4 Rc8 23. Kb1 Nb5 24. Ka1 Nd4 25. Bxd4 exd4 26. Qd3 Qb6 27. Rh2 Be5 28. Rc2 gxh5 29. Rh1 Bg6 30. Rf1 Rab8 31. Rff2 Bg3 32. Rfe2 h4 33. Qd1 Be5 34. Bd3 h3 35. Nf6+ Bxf6 36. gxf6 Rxc2 37. Rxc2 Qb3 38. Bxg6 hxg6 39. Qd2 Qe3 40. Qxe3 dxe3 41. Rh2 Re8 42. Ka2 e2 0-1


[Site "https://www.chess.com"]

[Event "Titled Tuesday Blitz May 31 Late 2022"]
[White "Al-Tarboush, Ward"]
[Black "Paravyan, David"]
[WhiteFideId "7601450"]
[BlackFideId "4194985"]
[WhiteElo "2294"]
[BlackElo "2569"]
[Result "1/2-1/2"]
[Round "02"]
[TimeControl "180+1"]
[Date "2022.05.31"]
[WhiteClock "0:00:13"]
[BlackClock "0:00:08"]

1. e4 e5 2. Nf3 Nf6 3. Nxe5 d6 4. Nf3 Nxe4 5. Qe2 Qe7 6. d3 Nf6 7. Bg5 Qxe2+ 8. Bxe2 Be7 9. Nc3 h6 10. Bh4 c6 11. Ne4 Nxe4 12. dxe4 Bxh4 13. Nxh4 Ke7 14. O-O-O Be6 15. Rhe1 Nd7 16. h3 g5 17. Nf3 Ne5 18. Nd4 h5 19. Nxe6 fxe6 20. g3 Raf8 21. Rf1 Nd7 22. f4 gxf4 23. gxf4 Nc5 24. e5 dxe5 25. fxe5 Rxf1 26. Rxf1 Nd7 27. Rg1 Nxe5 28. Rg5 Kf6 29. Rxh5 Rxh5 30. Bxh5 Kg5 31. Be2 Kh4 32. Kd1 Kxh3 33. Kd2 Kh4 34. Ke3 Kg5 35. Ke4 Kf6 36. a4 a5 37. c3 Nf7 38. Kd4 Nd6 39. Kc5 Nc8 40. b4 axb4 41. cxb4 Ke7 42. a5 Kd7 43. b5 cxb5 44. Bxb5+ Kc7 45. Bc4 e5 46. Bd5 Ne7 47. Be4 Nc6 48. a6 b6+ 49. Kd5 Nb4+ 50. Kxe5 Nxa6 51. Kd4 Nc5 52. Bf3 Kd6 53. Kc4 Nd7 54. Kb5 Kc7 55. Bg4 Ne5 56. Bf5 Nc6 57. Bh3 Nd4+ 58. Kc4 Ne2 59. Kb5 Nc3+ 60. Kb4 Ne4 61. Bg2 Nd6 62. Bh1 Kd8 63. Bg2 Ke7 64. Bh1 Kf6 65. Bg2 Ke5 66. Bh1 Kd4 67. Bc6 Ke5 68. Bh1 Ke6 69. Bg2 Kd7 70. Bh3+ Kc7 71. Bg2 Kb8 72. Bh1 Ka7 73. Bg2 Nf5 74. Bf1 Ne3 75. Bh3 Kb7 76. Be6 Kc6 77. Bh3 Nc2+ 78. Kc3 Ne3 79. Kb4 b5 80. Bd7+ Kxd7 81. Kxb5 1/2-1/2


[Site "https://www.chess.com"]